AoeStats
← Turmoil Yeti

Arena

507886999Analyzed
3v3 RM · 11d ago on Sep 20, 2026· 45m 14s· 6 players
Game mode
Random Map
Map size
Normal (6 player)
Population
200
Speed
Normal
Resources
Standard
Victory
Conquest
Starting age
Dark Age
Ending age
Imperial Age
RankedLock teamsTeams togetherTeam positionsShared explorationLock speedFull tech treeHidden civsTurbo modeCheats
Victory
Defeat
853
+12
🇦🇷 Bohemians · Argentina
770
+15
🇺🇸 Armenians · United States
766
+16
🇺🇸 Magyars · United States
1000
-86
🇺🇸 Turks · United States
682
-29
🇺🇸 Slavs · United States
595
-8
henry j.waternoose
11:00 Feudal Age
15:32 Castle Age
14:23 Double-Bit Axe
16:35 Wheelbarrow
21:55 Horse Collar
23:59 Town Watch
26:45 Bow Saw
31:07 Imperial Age
28:44 Heavy Plow
28:36 Gold Mining
29:19 Fletching
29:30 Padded Archer Armor
29:34 Scale Mail Armor
31:35 Bodkin Arrow
32:07 Pikeman
32:47 Squires
34:01 Hand Cart
34:30 Forging
34:22 Bracer
34:35 Loom
34:50 Town Patrol
35:28 Gold Shaft Mining
36:29 Ballistics
37:18 Gambesons
40:39 Chain Mail Armor
41:00 Iron Casting
42:05 Halberdier
44:08 Conscription
Yova
0:27 Loom
11:15 Feudal Age
15:25 Castle Age
16:57 Fervor
21:00 Double-Bit Axe
25:09 Horse Collar
29:32 Imperial Age
28:18 Bow Saw
29:46 Chemistry
29:18 Heavy Plow
29:53 Padded Archer Armor
34:44 Scale Mail Armor
34:55 Forging
34:09 Pikeman
36:46 Wagenburg Tactics
40:02 Houfnice
42:47 Elite Hussite Wagon
43:13 Halberdier
明天早餐吃甚麼
5:15 Loom
12:45 Feudal Age
17:02 Castle Age
16:05 Double-Bit Axe
22:15 Imperial Age
20:55 Bow Saw
21:44 Gold Mining
26:56 Horse Collar
30:24 Chemistry
30:38 Forging
30:31 Pikeman
32:17 Iron Casting
32:22 Wheelbarrow
37:06 Conscription
36:47 Arquebus
38:03 Blast Furnace
38:09 Halberdier
42:25 Scale Mail Armor
43:18 Elite Organ Gun
44:15 Caravan
michaeldgilbert
5:56 Loom
10:16 Feudal Age
11:36 Horse Collar
11:44 Double-Bit Axe
13:23 Man-at-Arms
17:55 Wheelbarrow
21:31 Castle Age
26:50 Squires
26:11 Long Swordsman
30:46 Imperial Age
36:22 Padded Archer Armor
36:23 Scale Mail Armor
36:30 Scale Barding Armor
36:36 Forging
ogrod42
12:13 Feudal Age
16:03 Castle Age
13:53 Double-Bit Axe
16:55 Horse Collar
17:28 Bow Saw
24:01 Loom
24:56 Fletching
26:28 Heavy Plow
27:33 Padded Archer Armor
31:05 Ballistics
31:29 Bodkin Arrow
31:50 Leather Archer Armor
32:55 Thumb Ring
33:00 Scale Barding Armor
38:18 Wheelbarrow
40:26 Imperial Age
39:52 Gold Mining
40:25 Hand Cart
42:52 Parthian Tactics
43:13 Gold Shaft Mining
43:48 Two-Man Saw
44:38 Chemistry
43:52 Stone Mining
44:38 Crop Rotation
Turmoil Yeti
10:30 Feudal Age
15:39 Castle Age
13:59 Double-Bit Axe
14:10 Horse Collar
17:32 Bow Saw
25:22 Heavy Plow
28:35 Wheelbarrow
27:33 Man-at-Arms
32:26 Detinets
32:43 Scale Mail Armor
32:55 Forging
35:47 Hand Cart
35:12 Long Swordsman
Connection lost

Rejoining the realm…

Still unreachable

The connection could not be restored.

Session expired

The server has moved on; the page needs a fresh start.